[Event "Teplice Open 2019"]
[Site "Teplice"]
[Date "2019.06.19"]
[Round "5.19"]
[White "Karas, Marek"]
[Black "Haldorsen, Benjamin"]
[Result "1/2-1/2"]
[ECO "D26"]
[WhiteElo "2268"]
[BlackElo "2454"]
[Annotator "ChessBase"]
[PlyCount "61"]
[EventDate "2019.06.15"]
[EventType "swiss"]
[EventCountry "CZE"]
[SourceTitle "playchess.com"]
[Source "ChessBase"]
[SourceQuality "1"]
[TimeControl "40/5400+30:1800+30"]

1. d4 Nf6 2. Nf3 d5 3. c4 dxc4 4. e3 e6 5. Bxc4 a6 6. O-O b5 7. Be2 Bb7 8. Nbd2 Nbd7 9. a4 b4 10. Nc4 c5 11. Nfe5 Qc7 12. Bf3 Be7 13. Nxd7 Nxd7 14. d5 exd5 15. Bxd5 Rd8 16. Bxb7 Qxb7 17. Qe2 Qe4 18. b3 O-O 19. Bb2 Bf6 20. f3 Qe6 21. Rfd1 Bxb2 22. Qxb2 Nb6 23. Nxb6 Qxb6 24. Qe2 Qe6 25. Rd3 c4 26. Rxd8 Rxd8 27. bxc4 Qe5 28. Rc1 g6 29. c5 b3 30. c6 Rc8 31. Qd2 1/2-1/2

[Event "Teplice Open 2019"]
[Site "Teplice"]
[Date "2019.06.19"]
[Round "5.20"]
[White "Song, Raymond"]
[Black "Worek, Joanna"]
[Result "1/2-1/2"]
[ECO "E15"]
[WhiteElo "2450"]
[BlackElo "2311"]
[Annotator "ChessBase"]
[PlyCount "147"]
[EventDate "2019.06.15"]
[EventType "swiss"]
[EventCountry "CZE"]
[SourceTitle "playchess.com"]
[Source "ChessBase"]
[SourceQuality "1"]
[TimeControl "40/5400+30:1800+30"]

1. d4 d5 2. c4 e6 3. Nf3 Nf6 4. g3 Bb4+ 5. Bd2 Be7 6. Bg2 c6 7. Qc2 b6 8. b3 O-O 9. O-O Ba6 10. Rd1 Nbd7 11. a4 Rc8 12. a5 b5 13. cxd5 cxd5 14. Qb2 Ne4 15. b4 Nd6 16. Na3 Nf6 17. Ne5 Nfe4 18. Be1 f6 19. Nd3 f5 20. f3 Nc4 21. Nxc4 bxc4 22. Nf4 Nd6 23. Nxe6 Qd7 24. Nxf8 Rxf8 25. b5 Bxb5 26. Qc2 a6 27. Bb4 f4 28. Bc5 fxg3 29. hxg3 Nf5 30. e4 Ne3 31. Qc3 Nxd1 32. Rxd1 Bxc5 33. dxc5 Qc7 34. exd5 Qxc5+ 35. Rd4 Re8 36. Kf2 Rd8 37. f4 Rd6 38. Bf3 Kf8 39. g4 Rf6 40. Kg3 h6 41. Re4 Rd6 42. Re5 Be8 43. Re1 Bf7 44. Rb1 Rd8 45. Rc1 Rc8 46. Rd1 Rd8 47. Rc1 Rc8 48. Rd1 Rd8 49. Rh1 Re8 50. Rd1 Re3 51. Qc2 Qa3 52. Qf2 h5 53. Kg2 hxg4 54. Bxg4 Rd3 55. Rxd3 cxd3 56. Bf3 Qxa5 57. Qd4 Qb5 58. d6 Be6 59. Be4 d2 60. Qxd2 a5 61. Kg3 a4 62. Qd4 a3 63. Qa7 Qb3+ 64. Bf3 a2 65. Qe7+ Kg8 66. Qe8+ Kh7 67. Qh5+ Kg8 68. Qe8+ Kh7 69. Qh5+ Kg8 70. Qa5 Qe3 71. Qd8+ Kh7 72. Qh4+ Kg8 73. Qd8+ Kh7 74. Qh4+ 1/2-1/2

[Event "Teplice Open 2019"]
[Site "Teplice"]
[Date "2019.06.19"]
[Round "5.21"]
[White "Ahlander, Bjorn"]
[Black "Georgescu, Lena"]
[Result "0-1"]
[ECO "E43"]
[WhiteElo "2421"]
[BlackElo "2200"]
[Annotator "NA"]
[PlyCount "74"]
[EventDate "2019.06.15"]
[EventType "swiss"]
[EventCountry "CZE"]
[SourceTitle "playchess.com"]
[Source "ChessBase"]
[SourceQuality "1"]
[TimeControl "40/5400+30:1800+30"]

1. d4 Nf6 2. c4 e6 3. Nc3 Bb4 4. e3 O-O 5. Bd3 c5 6. Nf3 b6 7. O-O Bb7 8. Bd2 d6 9. Qe2 Nbd7 10. a3 Bxc3 11. Bxc3 Ne4 12. Be1 Ndf6 13. Rd1 Qc7 14. Nh4 cxd4 15. exd4 d5 16. b3 Rac8 17. f3 Nd6 18. Rc1 dxc4 19. bxc4 Ba6 20. Bg3 Nh5 21. Be5 f6 22. Bxd6 Qxd6 23. Qe4 f5 24. Qe3 f4 25. Qf2 g5 26. Rfd1 Qe7 27. Qc2 gxh4 28. Qa4 Bb7 29. Qxa7 Qg7 30. Qxb6 Bxf3 31. Qxe6+ Kh8 32. Rd2 Qxd4+ 33. Rf2 Bd5 34. Qh6 Nf6 35. Qxf4 Ne4 36. Qxh4 Qxf2+ 37. Qxf2 Nxf2 0-1

[Event "Teplice Open 2019"]
[Site "Teplice"]
[Date "2019.06.19"]
[Round "5.22"]
[White "Hollan, Petr"]
[Black "Siddharth, Jagadeesh"]
[Result "1-0"]
[ECO "B33"]
[WhiteElo "2261"]
[BlackElo "2416"]
[Annotator "NA"]
[PlyCount "85"]
[EventDate "2019.06.15"]
[EventType "swiss"]
[EventCountry "CZE"]
[SourceTitle "playchess.com"]
[Source "ChessBase"]
[SourceQuality "1"]
[TimeControl "40/5400+30:1800+30"]

1. e4 c5 2. Nf3 Nc6 3. d4 cxd4 4. Nxd4 Nf6 5. Nc3 e5 6. Ndb5 d6 7. Bg5 a6 8. Na3 b5 9. Bxf6 gxf6 10. Nd5 f5 11. c3 Bg7 12. Bd3 Be6 13. Nxb5 axb5 14. Bxb5 Rc8 15. Qa4 Bd7 16. exf5 O-O 17. O-O Kh8 18. Qe4 f6 19. Rfd1 Rb8 20. a4 Ne7 21. Bxd7 Nxd5 22. Rxd5 Qxd7 23. b4 Qc7 24. Rd3 Rfd8 25. Qd5 Qd7 26. g4 Bh6 27. b5 Bf4 28. h3 Qg7 29. a5 Re8 30. a6 e4 31. Rd4 Qe7 32. a7 Ra8 33. b6 e3 34. Rxf4 exf2+ 35. Rxf2 Qe3 36. Rb1 Rad8 37. Qf3 Qc5 38. Kg2 d5 39. Qd3 Re4 40. Qb5 Qxc3 41. b7 Re3 42. b8=Q Rg3+ 43. Qxg3 1-0

[Event "Teplice Open 2019"]
[Site "Teplice"]
[Date "2019.06.19"]
[Round "5.24"]
[White "Svanda, Ondrej"]
[Black "Shevchenko, Kirill"]
[Result "0-1"]
[ECO "B92"]
[WhiteElo "2261"]
[BlackElo "2539"]
[Annotator "RC"]
[PlyCount "184"]
[EventDate "2019.06.15"]
[EventType "swiss"]
[EventCountry "CZE"]
[SourceTitle "playchess.com"]
[Source "ChessBase"]
[SourceQuality "1"]
[TimeControl "40/5400+30:1800+30"]

1. e4 c5 2. Nf3 d6 3. d4 cxd4 4. Nxd4 Nf6 5. Nc3 a6 6. Be2 e5 7. Nb3 Be6 8. O-O Be7 9. Re1 O-O 10. Bf3 Nbd7 11. a4 Qc7 12. a5 Rfc8 13. Be3 h6 14. h3 Nf8 15. Re2 Ng6 16. Rd2 Qc6 17. Nc1 Nh4 18. Nd3 Qe8 19. Nb4 Rc4 20. Nbd5 Nxf3+ 21. Qxf3 Bxd5 22. exd5 Rac8 23. Ra3 Rb4 24. Nd1 Ra4 25. Bb6 Ne4 26. Re2 Ng5 27. Qb3 Rxa3 28. bxa3 f5 29. c4 Qg6 30. f4 Ne4 31. Nf2 exf4 32. c5 Kh7 33. Qf3 Nxf2 34. Rxe7 Ne4 35. Qxf4 dxc5 36. Re6 Qh5 37. d6 Kg8 38. Kh2 Qd1 39. Qe5 Rf8 40. Rg6 Nf6 41. Qe6+ Rf7 42. Bxc5 Qa4 43. Qc8+ Qe8 44. Qxf5 h5 45. d7 Qxd7 46. Qxd7 Rxd7 47. Bb4 Kf7 48. Rg3 Ne4 49. Re3 Rd4 50. Rf3+ Ke6 51. Rf8 Rd7 52. Rh8 Nf6 53. Bc3 g6 54. Rc8 Ne4 55. Bb4 Nf6 56. Rc4 Nd5 57. Kg3 Ke5 58. Kf3 Rf7+ 59. Kg3 Ne3 60. Rc8 Nf5+ 61. Kh2 Rd7 62. Rg8 Kf6 63. Rf8+ Ke6 64. Rg8 Kf6 65. Rf8+ Kg5 66. Rc8 Ne3 67. Re8 Kf4 68. Rf8+ Nf5 69. Rc8 h4 70. Rc4+ Rd4 71. Rc3 Re4 72. Rc7 Re2 73. Rc4+ Ke5 74. Rg4 Kf6 75. Bc3+ Kf7 76. Kg1 Rc2 77. Bb4 Kf6 78. Re4 g5 79. Re1 Nd4 80. Re3 Ne2+ 81. Kh2 Nf4 82. Rc3 Rxg2+ 83. Kh1 Rg3 84. Rxg3 hxg3 85. Be1 g2+ 86. Kh2 g1=Q+ 87. Kxg1 Nxh3+ 88. Kg2 g4 89. Kg3 Kf5 90. Bd2 Ng5 91. Kg2 Ne4 92. Bb4 Ke5 0-1

[Event "Teplice Open 2019"]
[Site "Teplice"]
[Date "2019.06.19"]
[Round "5.25"]
[White "Janik, Igor"]
[Black "Brozyna, Mateusz"]
[Result "1-0"]
[ECO "D10"]
[WhiteElo "2483"]
[BlackElo "2252"]
[Annotator "ChessBase"]
[PlyCount "83"]
[EventDate "2019.06.15"]
[EventType "swiss"]
[EventCountry "CZE"]
[SourceTitle "playchess.com"]
[Source "ChessBase"]
[SourceQuality "1"]
[TimeControl "40/5400+30:1800+30"]

1. d4 d5 2. c4 c6 3. cxd5 cxd5 4. Bf4 Nc6 5. e3 Nf6 6. Nc3 a6 7. Bd3 e6 8. Rc1 Bd6 9. Bxd6 Qxd6 10. f4 Ne7 11. Nf3 Nf5 12. Qd2 h5 13. O-O g6 14. Ne5 Bd7 15. Rc2 Ng4 16. Bxf5 gxf5 17. h3 Nf6 18. Qf2 h4 19. Rfc1 Ke7 20. Nf3 Bc6 21. Nxh4 Rag8 22. Qe1 Ne4 23. Kh2 f6 24. Nf3 Kf7 25. Nxe4 fxe4 26. Ng1 e5 27. Ne2 Bd7 28. Qf1 Rxg2+ 29. Qxg2 Bxh3 30. Qxh3 Rxh3+ 31. Kxh3 Qd7+ 32. Kg3 Qf5 33. Rc7+ Ke6 34. Rg7 Qh5 35. Kf2 Qf3+ 36. Ke1 exf4 37. Nxf4+ Kd6 38. Kd2 Qf2+ 39. Ne2 f5 40. Rcg1 Kc6 41. R1g6+ Kb5 42. Rxb7+ 1-0

[Event "Teplice Open 2019"]
[Site "Teplice"]
[Date "2019.06.19"]
[Round "5.26"]
[White "Blohberger, Felix"]
[Black "Navrotescu, Andreea-Cristiana"]
[Result "1-0"]
[ECO "B31"]
[WhiteElo "2475"]
[BlackElo "2233"]
[Annotator "ChessBase"]
[PlyCount "79"]
[EventDate "2019.06.15"]
[EventType "swiss"]
[EventCountry "CZE"]
[SourceTitle "playchess.com"]
[Source "ChessBase"]
[SourceQuality "1"]
[TimeControl "40/5400+30:1800+30"]

1. e4 c5 2. Nf3 Nc6 3. Bb5 g6 4. Bxc6 bxc6 5. O-O Bg7 6. c3 Nh6 7. d4 cxd4 8. cxd4 d5 9. e5 O-O 10. Re1 f6 11. e6 Nf5 12. Nc3 Nd6 13. Na4 Ne4 14. Nc5 f5 15. Bf4 Nxc5 16. dxc5 Bxb2 17. Be5 Bxe5 18. Nxe5 Qc7 19. Qa4 Bxe6 20. Qh4 Rf6 21. Nf3 Kg7 22. Re5 Bg8 23. Rae1 e6 24. Qa4 Rb8 25. h4 Rb5 26. Qd4 Qe7 27. h5 Rxc5 28. Qb4 a5 29. Qa3 Qa7 30. Qe3 f4 31. Qd4 h6 32. hxg6 Qb6 33. Rf5 exf5 34. Re7+ Kxg6 35. Nh4+ Kh5 36. Qxf6 Rc1+ 37. Kh2 Qxf2 38. Qg6+ Kxh4 39. Qxh6+ Kg4 40. Rg7# 1-0

[Event "Teplice Open 2019"]
[Site "Teplice"]
[Date "2019.06.19"]
[Round "5.27"]
[White "Pacan-Milej, Kosma"]
[Black "Gavrilescu, David"]
[Result "1/2-1/2"]
[ECO "E34"]
[WhiteElo "2247"]
[BlackElo "2475"]
[Annotator "ChessBase"]
[PlyCount "62"]
[EventDate "2019.06.15"]
[EventType "swiss"]
[EventCountry "CZE"]
[SourceTitle "playchess.com"]
[Source "ChessBase"]
[SourceQuality "1"]
[TimeControl "40/5400+30:1800+30"]

1. d4 Nf6 2. c4 e6 3. Nc3 Bb4 4. Qc2 d5 5. cxd5 Qxd5 6. Nf3 Qf5 7. Qb3 Nc6 8. Bd2 O-O 9. h3 a5 10. g4 a4 11. Qd1 Qa5 12. a3 Bxc3 13. Bxc3 Qd5 14. Bg2 Ne4 15. O-O Qd6 16. Nd2 Nxd2 17. Qxd2 Rd8 18. Rfd1 b6 19. d5 exd5 20. Bxd5 Bb7 21. Bxc6 Qxd2 22. Bxd2 Bxc6 23. Bf4 Re8 24. Rd2 Bb5 25. Bxc7 Rxe2 26. Rad1 h6 27. Rxe2 Bxe2 28. Rd8+ Rxd8 29. Bxd8 b5 30. Kg2 f6 31. Ba5 Kf7 1/2-1/2

[Event "Teplice Open 2019"]
[Site "Teplice"]
[Date "2019.06.19"]
[Round "5.28"]
[White "Vogel, Roven"]
[Black "Schmidt, Tommy B."]
[Result "1/2-1/2"]
[ECO "C11"]
[WhiteElo "2471"]
[BlackElo "2205"]
[Annotator "ChessBase"]
[PlyCount "86"]
[EventDate "2019.06.15"]
[EventType "swiss"]
[EventCountry "CZE"]
[SourceTitle "playchess.com"]
[Source "ChessBase"]
[SourceQuality "1"]
[TimeControl "40/5400+30:1800+30"]

1. e4 e6 2. d4 d5 3. Nc3 Nf6 4. e5 Nfd7 5. Nce2 c5 6. c3 b5 7. Nf3 Nc6 8. Nf4 Qb6 9. h4 b4 10. a3 bxc3 11. bxc3 Rb8 12. Be2 Ba6 13. O-O Bxe2 14. Nxe2 Qb3 15. Qd3 Qb5 16. Qe3 Qa4 17. Qg5 h6 18. Qg3 Qc2 19. Bd2 Rb3 20. Rac1 Qe4 21. Nf4 c4 22. a4 a5 23. Qg4 Nd8 24. Be3 Qh7 25. Nd2 Ra3 26. Qf3 Nb6 27. Rb1 Nxa4 28. Nxc4 Rxc3 29. Nxa5 Be7 30. Qd1 Ra3 31. Bd2 O-O 32. Rb3 Ra2 33. Nd3 Qe4 34. Nc1 Ra1 35. Rg3 Kh7 36. Rg4 Nb2 37. Rxe4 Nxd1 38. Re2 Nb2 39. Bc3 Ra3 40. Rxb2 Rxc3 41. g3 Ba3 42. Rb3 Rxc1 43. Rxa3 Rc2 1/2-1/2

[Event "Teplice Open 2019"]
[Site "Teplice"]
[Date "2019.06.19"]
[Round "5.29"]
[White "Abdumalik, Zhansaya"]
[Black "Lorscheid, Gerhard"]
[Result "1/2-1/2"]
[ECO "B09"]
[WhiteElo "2464"]
[BlackElo "2214"]
[Annotator "ChessBase"]
[PlyCount "83"]
[EventDate "2019.06.15"]
[EventType "swiss"]
[EventCountry "CZE"]
[SourceTitle "playchess.com"]
[Source "ChessBase"]
[SourceQuality "1"]
[TimeControl "40/5400+30:1800+30"]

1. e4 d6 2. d4 Nf6 3. Nc3 g6 4. f4 Bg7 5. Nf3 O-O 6. Bd3 Na6 7. O-O c5 8. d5 Rb8 9. a4 Nb4 10. Bc4 a6 11. a5 b5 12. axb6 Nd7 13. Na4 a5 14. c3 Na6 15. Qe2 Ra8 16. f5 Nab8 17. Qf2 Nf6 18. Qh4 gxf5 19. Bh6 Nxe4 20. b7 Bxb7 21. Bxg7 Kxg7 22. Ng5 Nxg5 23. Qxg5+ Kh8 24. Rxf5 Ba6 25. Bxa6 Rxa6 26. Qe3 Ra7 27. b3 Nd7 28. c4 f6 29. Raf1 Rg8 30. Nc3 Ne5 31. Rh5 Rg7 32. Ra1 Qd7 33. h3 Qe8 34. Rh6 Qd7 35. Rh5 Qe8 36. Rh6 Qd7 37. Qe4 Ra8 38. Ra2 Nf7 39. Rh4 Ng5 40. Qd3 Nf7 41. Kh2 Ne5 42. Qe4 1/2-1/2

[Event "Teplice Open 2019"]
[Site "Teplice"]
[Date "2019.06.19"]
[Round "5.30"]
[White "Horak, Jiri"]
[Black "Ankit, R. Rajpara"]
[Result "0-1"]
[ECO "A47"]
[WhiteElo "2226"]
[BlackElo "2447"]
[Annotator "NA"]
[PlyCount "46"]
[EventDate "2019.06.15"]
[EventType "swiss"]
[EventCountry "CZE"]
[SourceTitle "playchess.com"]
[Source "ChessBase"]
[SourceQuality "1"]
[TimeControl "40/5400+30:1800+30"]

1. d4 Nf6 2. Nf3 b6 3. g3 Bb7 4. Bg2 c5 5. c3 e6 6. O-O Be7 7. b3 O-O 8. Bb2 d5 9. Ne5 Nc6 10. Nxc6 Bxc6 11. c4 Rc8 12. dxc5 dxc4 13. cxb6 Qxb6 14. Qd4 Bxg2 15. Kxg2 cxb3 16. Qxb6 axb6 17. axb3 Rc2 18. Bd4 Rxe2 19. Ra7 Bc5 20. Bxc5 bxc5 21. Rc7 Rc2 22. b4 Nd5 23. Rxc5 Ne3+ 0-1

[Event "Teplice Open 2019"]
[Site "Teplice"]
[Date "2019.06.19"]
[Round "5.31"]
[White "Erenberg, Ariel"]
[Black "Kucera, Petr"]
[Result "1-0"]
[ECO "A55"]
[WhiteElo "2434"]
[BlackElo "2175"]
[Annotator "ChessBase"]
[PlyCount "117"]
[EventDate "2019.06.15"]
[EventType "swiss"]
[EventCountry "CZE"]
[SourceTitle "playchess.com"]
[Source "ChessBase"]
[SourceQuality "1"]
[TimeControl "40/5400+30:1800+30"]

1. d4 Nf6 2. c4 d6 3. Nc3 Nbd7 4. g3 e5 5. Nf3 Be7 6. Bg2 O-O 7. O-O c6 8. e4 Qc7 9. h3 a6 10. Be3 b5 11. Qc2 Bb7 12. Rad1 Rfe8 13. a3 a5 14. Rfe1 bxc4 15. dxe5 dxe5 16. Na4 Ba6 17. Nd2 c3 18. Qxc3 Bb5 19. Qc2 Rab8 20. Nc4 Bxa4 21. Qxa4 Nc5 22. Qxa5 Qxa5 23. Nxa5 Rxb2 24. Nxc6 Bf8 25. Nxe5 Ra2 26. Bxc5 Bxc5 27. Nd3 Ba7 28. e5 Nh5 29. Bd5 Rxa3 30. g4 Rxd3 31. Rxd3 Nf4 32. Rd2 Nxh3+ 33. Kf1 Bb8 34. e6 fxe6 35. Rxe6 Kf8 36. Rb6 Ng5 37. Rb7 Rd8 38. Rd3 Be5 39. Bc4 Rc8 40. Rd5 Bf6 41. Rdd7 Ke8 42. Bb5 Kf8 43. Bd3 h6 44. Bf5 Ra8 45. Kg2 Kg8 46. f4 Nh7 47. Rdc7 Nf8 48. Rc8 Rxc8 49. Bxc8 Bd4 50. Kf3 Bc5 51. Ke4 Bd6 52. f5 Bc5 53. Kd5 Ba3 54. Be6+ Kh8 55. Kc6 Nh7 56. Rb3 Be7 57. Kd7 Bc5 58. Rb8+ Nf8+ 59. Ke8 1-0

[Event "Teplice Open 2019"]
[Site "Teplice"]
[Date "2019.06.19"]
[Round "5.32"]
[White "Cawdery, Daniel"]
[Black "Balinski, Damian"]
[Result "1-0"]
[ECO "B09"]
[WhiteElo "2428"]
[BlackElo "2170"]
[Annotator "NA"]
[PlyCount "81"]
[EventDate "2019.06.15"]
[EventType "swiss"]
[EventCountry "CZE"]
[SourceTitle "playchess.com"]
[Source "ChessBase"]
[SourceQuality "1"]
[TimeControl "40/5400+30:1800+30"]

1. e4 d6 2. d4 Nf6 3. Nc3 g6 4. f4 Bg7 5. Nf3 O-O 6. Bd3 Nc6 7. e5 dxe5 8. fxe5 Nh5 9. Be3 f6 10. Qe2 fxe5 11. dxe5 Bg4 12. O-O-O Qc8 13. Nd5 e6 14. Nf6+ Nxf6 15. exf6 Bxf6 16. h3 Bxf3 17. gxf3 Ne5 18. Be4 Qe8 19. Bd4 Qa4 20. Kb1 Qc4 21. Qe3 Qb5 22. Bd3 Qd5 23. Be4 Qb5 24. Rhe1 c5 25. Bxe5 Bxe5 26. c3 Bf4 27. Qg1 Kg7 28. Bd3 c4 29. Bc2 e5 30. Rd6 Rad8 31. Rxg6+ Kh8 32. Rg7 Rd7 33. Rxd7 Qxd7 34. Qc5 Rc8 35. Qxa7 Rd8 36. a3 Qc7 37. Be4 Bd2 38. Rg1 Rb8 39. Rd1 Bf4 40. Rd7 Qxd7 41. Qxb7 1-0

[Event "Teplice Open 2019"]
[Site "Teplice"]
[Date "2019.06.19"]
[Round "5.33"]
[White "Hollan, Martin"]
[Black "Sikora, Jan"]
[Result "1-0"]
[ECO "E14"]
[WhiteElo "2423"]
[BlackElo "2170"]
[Annotator "NA"]
[PlyCount "78"]
[EventDate "2019.06.15"]
[EventType "swiss"]
[EventCountry "CZE"]
[SourceTitle "playchess.com"]
[Source "ChessBase"]
[SourceQuality "1"]
[TimeControl "40/5400+30:1800+30"]

1. d4 Nf6 2. c4 e6 3. Nf3 Bb4+ 4. Nbd2 O-O 5. a3 Bxd2+ 6. Qxd2 a5 7. b3 d6 8. Bb2 Nbd7 9. e3 b6 10. Be2 Bb7 11. O-O Qe7 12. Rfd1 Ne4 13. Qc2 f5 14. d5 e5 15. Nd2 Ndf6 16. f3 Nxd2 17. Qxd2 Bc8 18. b4 axb4 19. axb4 Bb7 20. Qc2 g6 21. c5 bxc5 22. bxc5 Rxa1 23. Bxa1 Bxd5 24. cxd6 Qxd6 25. f4 Qb6 26. Qc1 c6 27. fxe5 Ne4 28. e6 Bxe6 29. Bc4 Bf7 30. Rd7 Qc5 31. Bd4 Qb4 32. Qa1 Qxc4 33. Bh8 Nc3 34. Bxc3 Rb8 35. Bh8 Rb1+ 36. Qxb1 Kxh8 37. Qb2+ Kg8 38. Rd8+ Be8 39. Rxe8+ Kf7 1-0

[Event "Teplice Open 2019"]
[Site "Teplice"]
[Date "2019.06.19"]
[Round "5.34"]
[White "Handler, Lukas"]
[Black "Ivanov, Igor"]
[Result "0-1"]
[ECO "A21"]
[WhiteElo "2418"]
[BlackElo "2157"]
[Annotator "NA"]
[PlyCount "120"]
[EventDate "2019.06.15"]
[EventType "swiss"]
[EventCountry "CZE"]
[SourceTitle "playchess.com"]
[Source "ChessBase"]
[SourceQuality "1"]
[TimeControl "40/5400+30:1800+30"]

1. d4 g6 2. c4 Bg7 3. Nc3 d6 4. Nf3 e5 5. g3 exd4 6. Nxd4 Ne7 7. Bg2 Nbc6 8. Nxc6 Nxc6 9. c5 Nd4 10. Bh6 Bxh6 11. Qxd4 O-O 12. cxd6 Bg7 13. Qb4 a5 14. Qa3 Qxd6 15. Qxd6 Bxc3+ 16. bxc3 cxd6 17. Rb1 Be6 18. a3 Rab8 19. Rb6 Rfc8 20. Kd2 Rc4 21. Rc1 Ra4 22. Ra1 d5 23. e3 Rc4 24. Bf1 Rc7 25. Ba6 Bf5 26. Ra2 Bd7 27. Rab2 Bc6 28. Bb5 Bxb5 29. R6xb5 Rbc8 30. Rc2 Rc5 31. Rxb7 Kg7 32. h4 h5 33. Rb3 Kf6 34. Rcb2 Kf5 35. f3 f6 36. Rb5 g5 37. Rxc5 Rxc5 38. Kd3 gxh4 39. gxh4 Ke5 40. Rb8 Kf5 41. a4 Ke6 42. Rb6+ Kf7 43. Rb5 Rc4 44. Rxa5 Rxh4 45. Rxd5 Kg6 46. c4 Rh1 47. a5 h4 48. Kc3 h3 49. Kb2 Rg1 50. Rd8 h2 51. Rh8 h1=Q 52. Rxh1 Rxh1 53. Kb3 Kf5 54. Kb4 Ke6 55. Kb5 Kd6 56. Kb6 Rb1+ 57. Ka7 Kc7 58. a6 Rc1 59. Ka8 Rxc4 60. a7 Rh4 0-1

[Event "Teplice Open 2019"]
[Site "Teplice"]
[Date "2019.06.19"]
[Round "5.35"]
[White "Richterova, Natasa"]
[Black "Mikes, Jan"]
[Result "0-1"]
[ECO "E92"]
[WhiteElo "2190"]
[BlackElo "2404"]
[Annotator "NA"]
[PlyCount "70"]
[EventDate "2019.06.15"]
[EventType "swiss"]
[EventCountry "CZE"]
[SourceTitle "playchess.com"]
[Source "ChessBase"]
[SourceQuality "1"]
[TimeControl "40/5400+30:1800+30"]

1. d4 Nf6 2. c4 g6 3. Nc3 Bg7 4. e4 d6 5. Nf3 O-O 6. Be2 e5 7. dxe5 dxe5 8. Qxd8 Rxd8 9. Bg5 c6 10. Nxe5 Re8 11. O-O-O Na6 12. Bf4 Nc5 13. Bf3 g5 14. Be3 Rxe5 15. Rd8+ Bf8 16. Bd4 Ncd7 17. Bxe5 Nxe5 18. h4 gxh4 19. Be2 Ng6 20. e5 Nxe5 21. f4 Ng6 22. f5 Ne7 23. Rxh4 Kg7 24. g4 h6 25. Bf3 Neg8 26. Rh1 Be7 27. Rdd1 Bd7 28. Rd3 Rb8 29. Rhd1 Be8 30. Ne2 b5 31. cxb5 cxb5 32. Nd4 b4 33. Bc6 Rc8 34. Kb1 Bxc6 35. Nxc6 Rxc6 0-1

[Event "Teplice Open 2019"]
[Site "Teplice"]
[Date "2019.06.19"]
[Round "5.36"]
[White "Lyell, Mark"]
[Black "Morgunov, Marc"]
[Result "0-1"]
[ECO "A45"]
[WhiteElo "2222"]
[BlackElo "2351"]
[Annotator "NA"]
[PlyCount "104"]
[EventDate "2019.06.15"]
[EventType "swiss"]
[EventCountry "CZE"]
[SourceTitle "playchess.com"]
[Source "ChessBase"]
[SourceQuality "1"]
[TimeControl "40/5400+30:1800+30"]

1. d4 Nf6 2. Bf4 g6 3. Nc3 d5 4. e3 Bg7 5. h4 h5 6. Nf3 O-O 7. Ne5 Nbd7 8. Be2 c6 9. Qd2 Nxe5 10. Bxe5 b5 11. f3 Qa5 12. Nd1 Qb6 13. a4 bxa4 14. Rxa4 c5 15. O-O cxd4 16. Bxd4 Qc7 17. Qc3 Qxc3 18. Nxc3 Bf5 19. Bd3 Bxd3 20. cxd3 Rfb8 21. b4 Rb7 22. b5 e6 23. Rb1 Nd7 24. Bxg7 Kxg7 25. Rab4 Rc8 26. Na4 Nc5 27. Nxc5 Rxc5 28. R1b2 Rc3 29. R4b3 Rxb3 30. Rxb3 a6 31. b6 Kf6 32. Kf2 Ke5 33. g4 Kd6 34. e4 Kc6 35. exd5+ exd5 36. gxh5 gxh5 37. Ke3 a5 38. Ra3 Kxb6 39. Kd4 Kb5 40. Kxd5 Kb4 41. Ra1 Rd7+ 42. Ke4 a4 43. d4 a3 44. Kd3 Ra7 45. Rb1+ Ka4 46. Ra1 Kb5 47. Ke4 a2 48. Kf5 Kc4 49. Kg5 Ra5+ 50. Kf6 Kxd4 51. Kxf7 Ke3 52. Kg6 Kxf3 0-1

[Event "Teplice Open 2019"]
[Site "Teplice"]
[Date "2019.06.19"]
[Round "5.37"]
[White "Mitscherling, Andreas"]
[Black "Paszewski, Mateusz"]
[Result "1/2-1/2"]
[ECO "D02"]
[WhiteElo "2175"]
[BlackElo "2346"]
[Annotator "NA"]
[PlyCount "60"]
[EventDate "2019.06.15"]
[EventType "swiss"]
[EventCountry "CZE"]
[SourceTitle "playchess.com"]
[Source "ChessBase"]
[SourceQuality "1"]
[TimeControl "40/5400+30:1800+30"]

1. d4 d5 2. Nf3 Nf6 3. Bf4 e6 4. e3 Bd6 5. Bg3 c5 6. dxc5 Bxc5 7. Be2 O-O 8. O-O Qb6 9. Nc3 Bd7 10. Be5 Rc8 11. Bd3 Bc6 12. Bxf6 gxf6 13. Nd4 Bxd4 14. exd4 f5 15. Ne2 Nd7 16. Rb1 Kh8 17. c3 Bb5 18. Nf4 Rg8 19. Qf3 Rg5 20. g3 Rag8 21. Rfe1 Bxd3 22. Nxd3 Qd8 23. Ne5 Nxe5 24. Rxe5 Rg4 25. Kg2 Qf6 26. Rbe1 Qg6 27. h3 Rg5 28. Qf4 Qh6 29. Kh2 Qf6 30. R5e3 a6 1/2-1/2

[Event "Teplice Open 2019"]
[Site "Teplice"]
[Date "2019.06.20"]
[Round "6.6"]
[White "Lagarde, Maxime"]
[Black "Greenfeld, Alon"]
[Result "1/2-1/2"]
[ECO "C66"]
[WhiteElo "2599"]
[BlackElo "2513"]
[Annotator "ChessBase"]
[PlyCount "65"]
[EventDate "2019.06.15"]
[EventType "swiss"]
[EventCountry "CZE"]
[SourceTitle "playchess.com"]
[Source "ChessBase"]
[SourceQuality "1"]
[TimeControl "40/5400+30:1800+30"]

1. e4 e5 2. Nf3 Nc6 3. c3 Nf6 4. d4 d6 5. Bb5 Bd7 6. O-O Be7 7. Re1 O-O 8. h3 Nxd4 9. Nxd4 exd4 10. Bxd7 Qxd7 11. cxd4 d5 12. e5 Ne4 13. Nd2 f5 14. Qb3 c5 15. dxc5 Nxc5 16. Qd1 Rad8 17. Nf3 d4 18. Bg5 Ne6 19. Bxe7 Qxe7 20. Qa4 a6 21. Rad1 Qd7 22. Qa3 Qc6 23. Qe7 Rd7 24. Qh4 g5 25. Qg3 h6 26. h4 Qd5 27. hxg5 hxg5 28. Rd2 g4 29. Red1 Qe4 30. Re1 Qd5 31. Red1 Qe4 32. Re1 Qd5 33. Red1 1/2-1/2

[Event "Teplice Open 2019"]
[Site "Teplice"]
[Date "2019.06.20"]
[Round "6.7"]
[White "Krzyzanowski, Marcin"]
[Black "Santos Latasa, Jaime"]
[Result "0-1"]
[ECO "B69"]
[WhiteElo "2510"]
[BlackElo "2588"]
[Annotator "ChessBase"]
[PlyCount "78"]
[EventDate "2019.06.15"]
[EventType "swiss"]
[EventCountry "CZE"]
[SourceTitle "playchess.com"]
[Source "ChessBase"]
[SourceQuality "1"]
[TimeControl "40/5400+30:1800+30"]

1. e4 c5 2. Nc3 Nc6 3. Nf3 d6 4. d4 cxd4 5. Nxd4 Nf6 6. Bg5 e6 7. Qd2 a6 8. O-O-O Be7 9. f4 Bd7 10. Nf3 b5 11. Bxf6 gxf6 12. Kb1 Qb6 13. Ne2 O-O-O 14. f5 Kb8 15. Nf4 Bc8 16. fxe6 fxe6 17. g3 d5 18. exd5 e5 19. Ne2 Nb4 20. Nc3 Bb7 21. Bg2 Nxd5 22. Nxd5 Rxd5 23. Qe2 Rhd8 24. Rxd5 Bxd5 25. Nh4 Bxg2 26. Qxg2 a5 27. Nf5 Bf8 28. Qe2 a4 29. Rd1 Rxd1+ 30. Qxd1 a3 31. g4 Kc7 32. bxa3 Bxa3 33. Qe1 Qc5 34. Ne3 Kb7 35. c3 b4 36. cxb4 Qd4 37. Nd1 Qd3+ 38. Ka1 Qc2 39. Qh1+ Kb8 0-1

[Event "Teplice Open 2019"]
[Site "Teplice"]
[Date "2019.06.20"]
[Round "6.8"]
[White "Hracek, Zbynek"]
[Black "Hollan, Petr"]
[Result "1/2-1/2"]
[ECO "E69"]
[WhiteElo "2582"]
[BlackElo "2261"]
[Annotator "ChessBase"]
[PlyCount "61"]
[EventDate "2019.06.15"]
[EventType "swiss"]
[EventCountry "CZE"]
[SourceTitle "playchess.com"]
[Source "ChessBase"]
[SourceQuality "1"]
[TimeControl "40/5400+30:1800+30"]

1. d4 Nf6 2. c4 g6 3. g3 Bg7 4. Bg2 O-O 5. Nc3 d6 6. Nf3 c6 7. e4 Qa5 8. O-O e5 9. Re1 Re8 10. h3 Nbd7 11. Rb1 a6 12. Be3 exd4 13. Nxd4 Ne5 14. b4 Qc7 15. Qb3 b5 16. cxb5 axb5 17. f4 Nc4 18. Ncxb5 cxb5 19. Nxb5 Qc6 20. Nd4 Qa6 21. Bf1 d5 22. exd5 Ng4 23. Bxc4 Qb6 24. hxg4 Rxe3 25. Rxe3 Bxd4 26. Rbe1 Bxg4 27. Kg2 Bxe3 28. Qxe3 Qxb4 29. Bb3 Rc8 30. Kh2 h5 31. Rc1 1/2-1/2